 Dungeon Crawl Stone Soup version 0.27-a0-1312-g5cdb2b3542 (webtiles) character file.

Game seed: 737125202989547872

3098 Delamore the Spear-Bearer (level 10, 0/76 HPs)
             Began as a Formicid Fighter on June 19, 2021.
             Shot with an arrow by a centaur (10 damage)
             ... on level 8 of the Dungeon.
             The game lasted 00:08:16 (7910 turns).

Delamore the Spear-Bearer (Formicid Fighter)        Turns: 7910, Time: 00:08:16

Health: 0/76       AC: 19    Str: 25    XL:     10   Next: 13%
Magic:  10/10      EV:  5    Int:  7    God:
Gold:   282        SH: 11    Dex: 10    Spells: 9/9 levels left

rFire    . . .     SeeInvis +   y - +0 trident (flame)
rCold    . . .     Faith    .   c - +1 kite shield
rNeg     . . .     Spirit   .   D - +0 plate armour
rPois    +         Reflect  .   (helmet unavailable)
rElec    .         Harm     .   v - +0 cloak
rCorr    .         Rampage  .   m - +0 pair of gloves
Will     +....                  i - +0 pair of boots
Stlth    ..........             (no amulet)
HPRegen  0.22/turn              w - +4 ring of protection
MPRegen  0.12/turn              F - ring of poison resistance

@: very slightly contaminated, invisible (expiring)
A: permanent stasis, dig shafts and tunnels, antennae 3, four strong arms
a: Dig, Shaft Self


You were on level 8 of the Dungeon.
You visited 1 branch of the dungeon, and saw 9 of its levels.

You collected 327 gold pieces.
You spent 45 gold pieces at shops.

Inventory:

Hand Weapons
 a - a +1 trident
 y - a +0 trident of flaming (weapon)
Missiles
 f - 9 boomerangs (quivered)
 r - a throwing net
 u - 12 poisoned darts
Armour
 c - a +1 kite shield (worn)
 i - a +0 pair of boots (worn)
 m - a +0 pair of gloves (worn)
 v - a +0 cloak (worn)
 D - a +0 plate armour (worn)
Jewellery
 b - a +4 ring of evasion
 w - a +4 ring of protection (left hand)
 F - a ring of poison resistance (right hand)
Wands
 k - a wand of charming (5)
 t - a wand of iceblast (12)
Scrolls
 d - a scroll of immolation
 j - a scroll of enchant armour
 n - a scroll of enchant weapon
Potions
 e - a potion of invisibility
 g - a potion of resistance
 h - 3 potions of attraction
 o - a potion of magic {unknown}
 p - a potion of lignification {unknown}
 q - 2 potions of cancellation {unknown}
 s - a potion of berserk rage {unknown}
 x - a potion of degeneration {unknown}
 z - a potion of flight {unknown}
 A - 2 potions of ambrosia {unknown}
 B - 2 potions of brilliance {unknown}
 C - a potion of curing


   Skills:
 + Level 5.7 Fighting
 * Level 11.9 Polearms
 + Level 2.2 Throwing
 + Level 4.3 Armour
 + Level 4.7 Shields


You had 9 spell levels left.
You didn't know any spells.
Your spell library contained the following spells:

 Spells                   Type           Power      Damage    Failure   Level
 Animate Skeleton         Necr           0%         N/A       100%        1
 Apportation              Tloc           0%         N/A       100%        1
 Beastly Appendage        Tmut           0%         N/A       100%        1
 Corona                   Hex            0%         N/A       100%        1
 Summon Small Mammal      Summ           0%         N/A       100%        1
 Wereblood                Tmut           0%         N/A       100%        2
 Spider Form              Tmut/Pois      0%         N/A       100%        3
 Ice Form                 Ice/Tmut       0%         N/A       100%        4


Dungeon Overview and Level Annotations

Branches:
Dungeon (9/15)             Temple (0/1) D:7            Lair (0/6) D:8
    Orc: D:9-12

Altars:
Ashenzari
Hepliaklqana
Kikubaaqudgha
Xom
Yredelemnul

Shops:
D:4 :   D:6 !

Portals:
Ossuary: D:8

Annotations:
D:6 2 transporters, Vire's ghost, novice DECj


Innate Abilities, Weirdness & Mutations

You cannot be hasted, slowed, berserked, paralysed or teleported.
You can dig through walls and to a lower floor.
You have a pair of large antennae on your head. (SInv)
Your four strong arms can wield two-handed weapons with a shield.


Message History

You swing at nothing.
You hit the kobold. You burn the kobold.
You kill the kobold!
You closely miss the kobold. You barely miss the kobold.
The kobold hits you but does no damage.
The centaur shoots an arrow.
The arrow closely misses the kobold.
The arrow hits you.
* * * LOW HITPOINT WARNING * * *
You closely miss the kobold. You block the kobold's attack.
You closely miss the kobold.
The centaur shoots an arrow.
The arrow hits the wight.
The centaur shoots an arrow.
The arrow hits the wight.
You hit the kobold. You burn the kobold.
You kill the kobold!
The centaur shoots an arrow.
The arrow hits the wight!
The wight is destroyed!
You swing at nothing.
The centaur shoots an arrow.
The arrow closely misses the wight.
The arrow hits you.
* * * LOW HITPOINT WARNING * * *
You swing at nothing.
The centaur shoots an arrow.
The arrow hits the wight.
The centaur shoots an arrow.
The arrow hits the wight!
The wight is destroyed!
You swing at nothing.
The centaur shoots an arrow.
The arrow closely misses the wight.
You block the arrow.
You swing at nothing.
The centaur shoots an arrow.
You block the arrow.
You swing at nothing.
The centaur shoots an arrow.
The arrow barely misses you.
You swing at nothing.
The centaur shoots an arrow.
The arrow hits you but does no damage.
You swing at nothing.
The centaur shoots an arrow.
The arrow closely misses you.
The centaur shoots an arrow.
The arrow hits you but does no damage.
You swing at nothing.
You swing at nothing.
You swing at nothing.
The centaur shoots an arrow.
You block the arrow.
You swing at nothing.
You flicker for a moment.
The centaur shoots an arrow.
The arrow barely misses you.
You swing at nothing.
The centaur shoots an arrow.
You block the arrow.
You swing at nothing.
The centaur shoots an arrow.
The arrow hits you!
You die...

*#...##.......##*
##...##...!......
#....##.......##.
#....##.......##.
#.......Z......#.
#.z...#.{......#.
####c..##{.{....##.
#.#)####....))).##z
##@## #....)...#.z
### ##...∩....#.
#......##..
#......##..
#....####.. ######
#.. ### *,, *,,


You could see a centaur and a wight.

Vanquished Creatures
  Maggie (D:8)
  Grinder (D:4)
  Prince Ribbit (D:6)
  2 water moccasins (D:7)
  Duvessa (D:6)
  An orc warrior (D:7)
  Purgy (D:2)
  A black bear (D:7)
  A necrophage (D:6)
  A centaur (D:7)
  2 phantoms
  Blork the orc (D:4)
  A kobold brigand (D:8)
  2 bullfrogs
  3 scorpions
  Dowan (D:6)
  A water moccasin skeleton (D:4)
  5 wights
  A howler monkey (D:6)
  2 bullfrog zombies
  4 hounds
  2 jellies
  Crazy Yiuf (D:4)
  An orc priest (D:4)
  A bullfrog skeleton (D:6)
  A centaur skeleton (D:4)
  2 iguanas
  Ijyb (D:3)
  Natasha (thrice) (D:5)
  2 orc wizards
  5 adders
  3 gnolls (D:4)
  A howler monkey skeleton (D:7)
  An ufetubus (D:7)
  2 worms (D:2)
  A dart slug (D:4)
  17 orcs
  4 endoplasms
  5 giant cockroaches
  10 goblins
  4 hobgoblins
  3 jackals (D:1)
  11 kobolds
  2 quokkas
  5 ball pythons
  4 bats
  7 frilled lizards
  4 rats
137 creatures vanquished.

Vanquished Creatures (collateral kills)
  A gnoll (D:4)
1 creature vanquished.

Vanquished Creatures (others)
  2 wights (D:8)
  5 withered plants (D:4)
7 creatures vanquished.

Grand Total: 145 creatures vanquished

Notes
Turn   | Place    | Note
-------+----------+-------------------------------------------
     0 | D:1      | Delamore the Formicid Fighter began the quest for the Orb.
     0 | D:1      | Reached XP level 1. HP: 18/18 MP: 1/1
   251 | D:1      | Reached XP level 2. HP: 21/24 MP: 2/2
   836 | D:1      | Reached XP level 3. HP: 25/30 MP: 3/3
   846 | D:1      | Reached skill level 3 in Polearms
  1062 | D:2      | Found a faded altar of an unknown god.
  1748 | D:2      | Reached XP level 4. HP: 37/37 MP: 4/4
  1930 | D:3      | Noticed Purgy
  1964 | D:2      | Killed Purgy
  1965 | D:2      | Reached skill level 4 in Polearms
  1965 | D:2      | Reached XP level 5. HP: 3/43 MP: 5/5
  2549 | D:3      | Reached XP level 6. HP: 28/49 MP: 6/6
  2905 | D:3      | Noticed Ijyb
  2920 | D:3      | Killed Ijyb
  2921 | D:3      | Reached skill level 5 in Polearms
  3117 | D:4      | Reached skill level 5 in Fighting
  3197 | D:4      | Noticed Blork the orc
  3209 | D:4      | Killed Blork the orc
  3210 | D:4      | Reached skill level 6 in Polearms
  3210 | D:4      | Reached XP level 7. HP: 45/56 MP: 7/7
  3592 | D:4      | Found Luiliet's Book Emporium.
  4036 | D:4      | Found an ancient bone altar of Kikubaaqudgha.
  4151 | D:4      | Reached skill level 7 in Polearms
  4370 | D:4      | Found a runed translucent door.
  4371 | D:4      | Noticed Crazy Yiuf
  4407 | D:4      | Found a shimmering altar of Xom.
  4408 | D:4      | Noticed Grinder
  4414 | D:4      | Noticed Natasha
  4430 | D:5      | Entered Level 5 of the Dungeon
  4431 | D:5      | Killed Natasha
  4642 | D:4      | Killed Grinder
  4643 | D:4      | Reached skill level 8 in Polearms
  4643 | D:4      | Reached XP level 8. HP: 49/62 MP: 8/8
  5007 | D:4      | Killed Crazy Yiuf
  5138 | D:5      | Found a hazy altar of Hepliaklqana.
  5249 | D:5      | Noticed Natasha
  5254 | D:5      | Killed Natasha
  5284 | D:5      | Reached skill level 9 in Polearms
  5644 | D:5      | Noticed Natasha
  5652 | D:5      | Killed Natasha
  5795 | D:6      | Noticed Dowan
  5797 | D:6      | Noticed Duvessa
  5815 | D:6      | Killed Duvessa
  5825 | D:6      | Killed Dowan
  5826 | D:6      | Reached skill level 10 in Polearms
  5826 | D:6      | Reached XP level 9. HP: 19/68 MP: 9/9
  6098 | D:6      | Noticed Prince Ribbit
  6119 | D:6      | Killed Prince Ribbit
  6251 | D:6      | Found a transporter.
  6253 | D:6      | Found a transporter.
  6259 | D:6      | Noticed Vire's ghost (novice DECj)
  6334 | D:6      | Found a broken altar of Ashenzari.
  6447 | D:6      | Found a basalt altar of Yredelemnul.
  6452 | D:6      | Reached skill level 11 in Polearms
  6502 | D:6      | Found Japp's Distillery.
  6510 | D:6      | Bought a potion of curing for 45 gold pieces
  7370 | D:7      | Reached skill level 1 in Throwing
  7754 | D:7      | Found a staircase to the Ecumenical Temple.
  7813 | D:7      | You fall into a shaft and drop 2 floors!
  7829 | D:8      | Found a sand-covered staircase.
  7829 | D:8      | Noticed Maggie
  7844 | D:8      | HP: 3/63 [Maggie (3)]
  7849 | D:8      | Reached XP level 10. HP: 8/71 MP: 10/10
  7876 | D:8      | Killed Maggie
  7910 | D:8      | Shot with an arrow by a centaur

Illustrated notes

Levels and vault maps discovered:
D:1:      dpeg_arrival_round_c, layout_basic
D:2:      layout_loops_ring, ebering_ecumenical_altar_sacrificial,
          minmay_crystal_room, chequers_garden
D:3:      layout_basic, kennysheep_another_room, uniq_purgy, uniq_ijyb
D:4:      layout_basic, xom_butterflies, kiku_gazebo_garden_becter,
          kennysheep_windowed_goal, uniq_natasha, uniq_blork_the_orc,
          uniq_crazy_yiuf_cottage, uniq_grinder
D:5:      layout_cave_pools, lemuel_round_altar, serial_column_ruins,
          column_ruins_hut, column_ruins_hut_ruined,
          column_ruins_open_tiny_water, column_ruins_open_tiny,
          column_ruins_corridor_dead_end, column_ruins_open_medium,
          column_ruins_grid_1
D:6:      layout_loops_ring, lemuel_round_altar, lemuel_tele_altar,
          gammafunk_ghost_hive, serial_shops, nicolae_shop_stone, uniq_duvessa,
          uniq_prince_ribbit1
D:7:      layout_basic, temple_statues, nrook_uturn
D:8:      cheibrodos_steamvent, layout_gridville, erik_lair_dragon,
          enter_ossuary_1, serial_glass, glass_columns_a, glass_columns_a,
          ebering_ghost_rock_garden, uniq_maggie
D:9:      layout_rooms, nicolae_gozag_cash_rules_everything_around_me,
          serial_shops, shop, nicolae_alphabet_shops, serial_bayou_ford_a

Skill      XL: |  1  2  3  4  5  6  7  8  9 10 |
---------------+-------------------------------+-----
Polearms       | 3 4 6 8 10 11 | 11.9
Fighting       | 4 5 |  5.7
Throwing       | 1 2 |  2.2
Shields        | 4 |  4.7
Armour         | 4 |  4.3

Action                   |  1- 3 |  4- 6 |  7- 9 | 10-12 || total
-------------------------+-------+-------+-------+-------++-------
Melee: Trident           |   127 |   118 |   356 |    32 ||   633
Throw: Boomerang         |       |       |    15 |       ||    15
 Abil: Dig               |       |       |     4 |     2 ||     6
Evoke: Wand              |       |       |     1 |       ||     1
  Use: Scroll            |     7 |     2 |     6 |       ||    15
       Potion            |       |     1 |     1 |     3 ||     5
 Stab: Invisible         |       |       |       |     3 ||     3
Armor: Scale mail        |    37 |    61 |    89 |       ||   187
       Plate armour      |       |       |    96 |    25 ||   121
Dodge: Dodged            |    33 |    42 |    90 |     7 ||   172
Block: Kite shield       |    46 |    67 |   191 |    13 ||   317

Table legend: (Time is in decaauts)
 A = Elapsed time spent in this place.
 B = Non-inter-level travel time spent in this place.
 C = Inter-level travel time spent in this place.
 D = Time resting spent in this place.
 E = Time spent auto-exploring this place.
 F = Levels seen in this place.
 G = Mean time per level.
                   A        B        C        D        E       F      G
               +--------+--------+--------+--------+--------+-----+--------+
         Total |   7995 |   7724 |    271 |   1676 |   4718 |   9 |  888.3 |
       Dungeon |   7995 |   7724 |    271 |   1676 |   4718 |   9 |  888.3 |
               +--------+--------+--------+--------+--------+-----+--------+

Top non-repeatable levels by time:
     D:4: 1572 daAuts
     D:6: 1394 daAuts
     D:2: 1231 daAuts
     D:3: 1087 daAuts
     D:1: 1065 daAuts
     D:5: 809 daAuts
     D:7: 744 daAuts
     D:8: 83 daAuts
     D:9: 5 daAuts
